 Dungeon Crawl Stone Soup version 0.29.1-1-gd02db6906a (webtiles) character file.

Game seed: 6931686692011856373

80 mtoz the Gusty (level 4, -8/38 HPs)
             Began as a Gnoll Wanderer on Sept 21, 2022.
             Blown up by Ijyb (11 damage)
             ... with a mindburst bolt
             ... on level 3 of the Dungeon.
             The game lasted 00:11:08 (2226 turns).

mtoz the Gusty (Gnoll Wanderer)                     Turns: 2226, Time: 00:11:09

Health: -8/38      AC:  6    Str: 13    XL:     4   Next: 39%
Magic:  6/8        EV: 12    Int:  8    God:
Gold:   161        SH:  0    Dex: 11    Spells: 8/9 levels left

rFire   . . .      SeeInvis .   i - +0 rapier
rCold   . . .      Faith    .   (no shield)
rNeg    . . .      Spirit   .   d - +0 leather armour
rPois   .          Reflect  .   b - +0 helmet
rElec   .          Harm     .   (no cloak)
rCorr   .          Rampage  .   (no gloves)
Will    .....                   (no boots)
Stlth   +.........              (no amulet)
HPRegen 0.12/turn               (no ring)
MPRegen 0.11/turn               (no ring)

@: brilliant
A: fangs 1, strong nose, distributed training, iridescent scales 1, clumsy 1,
dopey 1, screaming 1
a: no special abilities


You were on level 3 of the Dungeon.
You visited 1 branch of the dungeon, and saw 3 of its levels.

You collected 161 gold pieces.

Inventory:

Hand Weapons
 a - a +0 short sword
 h - a +0 mace
 i - a +0 rapier (weapon)
 j - a +2 short sword of holy wrath
 x - a +0 dagger of flaming
Missiles
 f - 32 stones
 u - 7 poisoned darts
Armour
 b - a +0 helmet (worn)
 d - a +0 leather armour (worn)
Jewellery
 v - an amulet of the acrobat
Scrolls
 k - a scroll of brand weapon {unknown}
 l - a scroll of magic mapping {unknown}
 m - 3 scrolls of poison {unknown}
 n - a scroll of fog {unknown}
 p - a scroll of identify {unknown}
 s - a scroll of fear {unknown}
 t - 2 scrolls of acquirement {unknown}
Potions
 c - a potion of lignification
 e - a potion of cancellation {unknown}
 g - a potion of brilliance
 o - a potion of heal wounds {unknown}
 q - a potion of resistance {unknown}
 r - a potion of haste {unknown}
 w - a potion of mutation


   Skills:
 + Level 4.6 Fighting
 + Level 2.8 Short Blades
 + Level 1.2 Long Blades
 + Level 1.2 Axes
 + Level 1.2 Maces & Flails
 + Level 1.2 Polearms
 + Level 1.2 Staves
 + Level 1.2 Ranged Weapons
 + Level 1.2 Throwing
 + Level 2.8 Armour
 + Level 4.6 Dodging
 + Level 1.2 Stealth
 + Level 1.2 Shields
 + Level 1.2 Unarmed Combat
 + Level 3.0 Spellcasting
 + Level 1.0 Conjurations
 + Level 1.0 Hexes
 + Level 1.0 Summonings
 + Level 1.0 Necromancy
 + Level 1.0 Translocations
 + Level 1.0 Transmutations
 + Level 1.0 Fire Magic
 + Level 1.0 Ice Magic
 + Level 5.5 Air Magic
 + Level 1.0 Earth Magic
 + Level 1.0 Poison Magic
 + Level 1.3 Invocations
 + Level 1.2 Evocations


You had 8 spell levels left.
You knew the following spells:

 Your Spells              Type           Power      Damage    Failure   Level
a - Shock                 Conj/Air       36%        1d5       11%         1

Your spell library contained the following spells:

 Spells                   Type           Power      Damage    Failure   Level
 Summon Small Mammal      Summ           16%        N/A       26%         1
 Mephitic Cloud           Conj/Pois/Air  7%         N/A       41%         3
 Call Canine Familiar     Summ           4%         N/A       63%         3
 Portal Projectile        Hex/Tloc       8%         N/A       63%         3
 Summon Guardian Golem    Hex/Summ       4%         N/A       63%         3
 Corpse Rot               Necr/Pois/Air  7%         N/A       82%         4
 Leda's Liquefaction      Hex/Erth       2%         N/A       95%         4


Dungeon Overview and Level Annotations

Branches:
Dungeon (3/15)

Altars:

Annotations:
D:3 Ijyb


Innate Abilities, Weirdness & Mutations

You have very sharp teeth.
Your uncanny sense of smell can sniff out nearby items.
Your experience applies equally to all skills.
You are partially covered in iridescent scales. (AC +2)
You are clumsy. (Dex -2)
You are dopey. (Int -2)
You occasionally shout uncontrollably at your foes.


Message History

Ijyb hits you with a +0 dagger.
You hit Ijyb.
Ijyb is moderately wounded.
Ijyb hits you with a +0 dagger.
You hit Ijyb but do no damage.
Ijyb is moderately wounded.
Ijyb zaps a wand.
Your mind is blasted!
You are too injured to fight recklessly!
You are too injured to fight recklessly!
You closely miss Ijyb.
Ijyb is moderately wounded.
Ijyb zaps a wand.
You barely resist. You barely miss Ijyb.
Ijyb is moderately wounded.
Ijyb zaps a wand.
Your mind is blasted!
* * * LOW HITPOINT WARNING * * *
You barely miss Ijyb.
Ijyb is moderately wounded.
Ijyb barely misses you.
Aiming: Shock (safe; 10% risk of failure)
Press: ? - help, Q - select action, (/) - cycle Shift-Dir - straight line, f - Ijyb
Aim: Ijyb, wielding a +0 dagger, wearing a +0 leather armour and carrying a wand of mindburst (14) (moderately wounded, 60% to hit)
The zap hits Ijyb.
Ijyb is moderately wounded.
Ijyb zaps a wand.
Your mind is blasted!
* * * LOW HITPOINT WARNING * * *
It was a potion of mutation.
You feel extremely strange.
You feel stupid.
You feel clumsy.
You feel the urge to shout.
Iridescent scales grow over part of your body.
Ijyb hits you but does no damage.
It was a potion of brilliance.
You feel clever all of a sudden. Ijyb barely misses you.
Aiming: Shock (safe; 11% risk of failure)
Press: ? - help, Q - select action, (/) - cycle Shift-Dir - straight line, f/p - Ijyb
Aim: Ijyb, wielding a +0 dagger, wearing a +0 leather armour and carrying a wand of mindburst (13) (moderately wounded, 60% to hit)
You feel a surge of power!
The zap hits Ijyb.
Ijyb is heavily wounded.
Ijyb zaps a wand.
Your mind is blasted!
You die...

###### #......
#########......#
........@g.#
#####.#.#.## ..
#.#.# ..# #.#..
#. ##.##.. .
∆#...##.# ##.##
.# ##...##.#
#..#..#


You could see Ijyb.

Vanquished Creatures
  Jessica (D:3)
  An adder (D:1)
  2 dart slugs
  4 endoplasms
  A giant cockroach (D:1)
  4 goblins
  3 hobgoblins
  4 kobolds
  3 ball pythons
  11 bats
  5 frilled lizards
  4 rats
43 creatures vanquished.

Notes
Turn   | Place    | Note
-------+----------+-------------------------------------------
     0 | D:1      | mtoz the Gnoll Wanderer began the quest for the Orb.
     0 | D:1      | mtoz set off with the following items: a +0 short sword, a
                  | +0 helmet, a potion of lignification, a +0 leather armour;
                  | and the following spell memorised: Shock; and the following
                  | spells available to memorise: Mephitic Cloud, Corpse Rot.
     0 | D:1      | Reached XP level 1. HP: 20/20 MP: 4/4
   228 | D:1      | Reached XP level 2. HP: 25/26 MP: 3/5
   763 | D:1      | Reached XP level 3. HP: 31/31 MP: 5/7
  1333 | D:1      | Reached skill level 1 in Invocations
  1756 | D:2      | Reached skill level 1 in Long Blades
  1756 | D:2      | Reached skill level 1 in Axes
  1756 | D:2      | Reached skill level 1 in Maces & Flails
  1756 | D:2      | Reached skill level 1 in Polearms
  1756 | D:2      | Reached skill level 1 in Staves
  1756 | D:2      | Reached skill level 1 in Ranged Weapons
  1756 | D:2      | Reached skill level 1 in Throwing
  1756 | D:2      | Reached skill level 1 in Stealth
  1756 | D:2      | Reached skill level 1 in Shields
  1756 | D:2      | Reached skill level 1 in Unarmed Combat
  1756 | D:2      | Reached skill level 1 in Evocations
  2128 | D:3      | Noticed Jessica
  2133 | D:3      | Killed Jessica
  2134 | D:3      | Reached skill level 1 in Conjurations
  2134 | D:3      | Reached skill level 1 in Hexes
  2134 | D:3      | Reached skill level 1 in Summonings
  2134 | D:3      | Reached skill level 1 in Necromancy
  2134 | D:3      | Reached skill level 1 in Translocations
  2134 | D:3      | Reached skill level 1 in Transmutations
  2134 | D:3      | Reached skill level 1 in Fire Magic
  2134 | D:3      | Reached skill level 1 in Ice Magic
  2134 | D:3      | Reached skill level 1 in Earth Magic
  2134 | D:3      | Reached skill level 1 in Poison Magic
  2134 | D:3      | Reached XP level 4. HP: 38/38 MP: 3/8
  2211 | D:3      | Noticed Ijyb
  2224 | D:3      | Gained mutation: You are dopey. (Int -2) [potion of
                  | mutation]
  2224 | D:3      | Gained mutation: You are clumsy. (Dex -2) [potion of
                  | mutation]
  2224 | D:3      | Gained mutation: You occasionally shout uncontrollably at
                  | your foes. [potion of mutation]
  2224 | D:3      | Gained mutation: You are partially covered in iridescent
                  | scales. (AC +2) [potion of mutation]
  2226 | D:3      | Blown up by Ijyb

Illustrated notes

Levels and vault maps discovered:
D:1:      onia_arrival_mini_maze, layout_basic, st_stairs_12, fountainhead,
          grunt_decor_cap
D:2:      layout_rooms, minmay_pentomino_v2
D:3:      minmay_spotlight, layout_rooms, kennysheep_generic_room_12, uniq_ijyb,
          uniq_jessica

Skill      XL: |  1  2  3 |
---------------+----------+-----
Invocations    | 1 |  1.3
Long Blades    | 1 |  1.2
Axes           | 1 |  1.2
Maces & Flails | 1 |  1.2
Polearms       | 1 |  1.2
Staves         | 1 |  1.2
Ranged Weapons | 1 |  1.2
Throwing       | 1 |  1.2
Stealth        | 1 |  1.2
Shields        | 1 |  1.2
Unarmed Combat | 1 |  1.2
Evocations     | 1 |  1.2
Spellcasting   | 3 |  3.0
Conjurations   | 1 |  1.0
Hexes          | 1 |  1.0
Summonings     | 1 |  1.0
Necromancy     | 1 |  1.0
Translocations | 1 |  1.0
Transmutations | 1 |  1.0
Fire Magic     | 1 |  1.0
Ice Magic      | 1 |  1.0
Earth Magic    | 1 |  1.0
Poison Magic   | 1 |  1.0
Fighting       | |  4.6
Short Blades   | |  2.8
Armour         | |  2.8
Dodging        | |  4.6
Air Magic      | |  5.5

Action                   |  1- 3 |  4- 6 || total
-------------------------+-------+-------++-------
Melee: Short sword       |    74 |       ||    74
       Bite              |    12 |       ||    12
       Punch             |     2 |       ||     2
       Rapier            |    16 |     8 ||    24
Throw: Stone             |    10 |       ||    10
 Cast: Shock             |    56 |     2 ||    58
  Use: Potion            |       |     2 ||     2
Armor: Leather armour    |    33 |     1 ||    34
Dodge: Dodged            |    67 |     5 ||    72
